 Dungeon Crawl Stone Soup version 0.27.0-1-g7a089689b8 (webtiles) character file.

Game seed: 14697509965335005046

27949 Amplified the Impaler (level 13, -2/160 HPs)
             Began as a Merfolk Berserker on Aug 3, 2021.
             Was a High Priest of Trog.
             Slain by a komodo dragon (7 damage)
             ... while petrified by a basilisk
             ... on level 5 of the Lair of Beasts.
             The game lasted 00:18:25 (15347 turns).

Amplified the Impaler (Merfolk Berserker)          Turns: 15347, Time: 00:18:26

Health: -2/160     AC: 16    Str: 27    XL:     13   Next: 35%
Magic:  13/13      EV:  2    Int:  6    God:    Trog [*****.]
Gold:   905        SH:  0    Dex: 18    Spells: 12/12 levels left

rFire    + . .     SeeInvis .   t - +5 trident (freeze)
rCold    x . .     Faith    .   m - +2 buckler
rNeg     + + +     Spirit   .   j - +9 scale mail of the Buccaneer {rElec rF+ rC- Str+3}
rPois    ∞         Reflect  +   (no helmet)
rElec    +         Harm     .   (no cloak)
rCorr    .         Rampage  .   (no gloves)
Will     .....                  (no boots)
Stlth    ..........             n - amulet of reflection
HPRegen  0.36/turn              c - +6 ring of strength
MPRegen  0.13/turn              w - ring of poison resistance

@: berserking (expiring), petrified
A: (nimble swimmer 2), mertail
a: Renounce Religion, Berserk, Trog's Hand, Brothers in Arms


You were on level 5 of the Lair of Beasts.
You worshipped Trog.
Trog was extremely pleased with you.
You visited 2 branches of the dungeon, and saw 17 of its levels.

You collected 905 gold pieces.

Inventory:

Hand Weapons
 t - a +5 trident of freezing (weapon)
Missiles
 l - 75 poisoned darts (quivered)
Armour
 e - +0 ice dragon scales
 j - the +9 scale mail of the Buccaneer (worn) {rElec rF+ rC- Str+3}
   (You found it on level 7 of the Dungeon)

   Str:       It affects your strength (+3).
   rF:        It protects you from fire.
   rC:        It makes you vulnerable to cold.
   rElec:     It insulates you from electricity.
 m - a +2 buckler (worn)
Jewellery
 c - a +6 ring of strength (left hand)
 i - a ring of see invisible
 n - an amulet of reflection (around neck)
 u - a ring of magical power
 w - a ring of poison resistance (right hand)
 F - an amulet of regeneration
Wands
 f - a wand of flame (46)
 q - a wand of polymorph (20)
 r - a wand of mindburst (7)
 x - a wand of iceblast (13)
 C - a wand of paralysis (6)
Scrolls
 a - a scroll of brand weapon
 g - a scroll of blinking
 p - 2 scrolls of noise
 s - 3 scrolls of teleportation
 v - a scroll of magic mapping
 y - 2 scrolls of summoning
 E - a scroll of fog
Potions
 b - a potion of brilliance
 d - 3 potions of mutation
 h - a potion of flight {unknown}
 k - 6 potions of curing
 o - a potion of experience {unknown}
 z - 2 potions of might {unknown}
 A - a potion of haste {unknown}
 B - 2 potions of heal wounds {unknown}
 D - a potion of lignification
 G - a potion of attraction {unknown}


   Skills:
 * Level 11.7 Fighting
 - Level 17.2 Polearms
 * Level 6.3 Armour
 * Level 11.9 Dodging
 - Level 5.1 Shields
 * Level 7.7 Evocations


You had 12 spell levels left.
You didn't know any spells.
Your spell library contained the following spells:

 Spells                   Type           Power      Damage    Failure   Level
 Beastly Appendage        Tmut           0%         N/A       71%         1
 Corona                   Hex            0%         N/A       71%         1
 Blink                    Tloc           N/A        N/A       83%         2
 Ensorcelled Hibernation  Hex/Ice        0%         N/A       83%         2
 Wereblood                Tmut           0%         N/A       83%         2
 Call Canine Familiar     Summ           0%         N/A       97%         3
 Dazzling Flash           Conj/Hex       0%         N/A       97%         3
 Gell's Gravitas          Tloc           0%         N/A       97%         3
 Inner Flame              Hex/Fire       0%         N/A       97%         3
 Lesser Beckoning         Tloc           0%         N/A       97%         3
 Portal Projectile        Hex/Tloc       0%         N/A       97%         3
 Spider Form              Tmut/Pois      0%         N/A       97%         3
 Teleport Other           Tloc           0%         N/A       97%         3
 Tukima's Dance           Hex            0%         N/A       97%         3
 Cause Fear               Hex            0%         N/A       100%        4
 Leda's Liquefaction      Hex/Erth       0%         N/A       100%        4
 Agony                    Necr           0%         N/A       100%        5
 Manifold Assault         Tloc           0%         N/A       100%        5
 Silence                  Hex/Air        0%         N/A       100%        5
 Storm Form               Tmut/Air       0%         N/A       100%        7
 Discord                  Hex            0%         N/A       100%        8


Dungeon Overview and Level Annotations

Branches:
Dungeon (11/15)            Temple (0/1) D:7            Lair (6/6) D:9
 Shoals (0/4) Lair:4       Spider (0/4) Lair:3        Slime (0/5) Lair:6
    Orc (0/2) D:10

Altars:
Cheibriados
Gozag
Nemelex Xobeh
Okawaru
Beogh
Jiyva

Annotations:
Lair:2 3 runed translucent doors, stripedtigrrr's ghost, journeyman OpAK
Lair:3 exclusion: oklob plant


Innate Abilities, Weirdness & Mutations

((You are quick and stealthy near water. (Stealth+, EV+, Speed+++)))
Your lower body shifts to a powerful aquatic tail in water.


Message History

The polar bear bites you but does no damage.
The polar bear completely misses you.
The polar bear claws you but does no damage.
The basilisk bites you but does no damage.
The polar bear bites you but does no damage.
The polar bear claws you but does no damage. x2
The polar bear bites you!!
* * * LOW HITPOINT WARNING * * *
The polar bear claws you but does no damage. x2
The basilisk bites you.
* * * LOW HITPOINT WARNING * * *
The polar bear bites you!
* * * LOW HITPOINT WARNING * * *
The polar bear claws you.
* * * LOW HITPOINT WARNING * * *
The polar bear claws you but does no damage.
The basilisk bites you!
* * * LOW HITPOINT WARNING * * *
The polar bear bites you but does no damage.
The polar bear claws you but does no damage. x2
The polar bear bites you!!
* * * LOW HITPOINT WARNING * * *
The polar bear claws you but does no damage.
The polar bear claws you. The basilisk bites you.
* * * LOW HITPOINT WARNING * * *
The polar bear bites you but does no damage.
The polar bear claws you but does no damage. x2
The polar bear bites you.
* * * LOW HITPOINT WARNING * * *
The polar bear claws you.
* * * LOW HITPOINT WARNING * * *
The polar bear claws you.
* * * LOW HITPOINT WARNING * * *
The polar bear bites you but does no damage.
The polar bear claws you.
* * * LOW HITPOINT WARNING * * *
The polar bear claws you.
* * * LOW HITPOINT WARNING * * *
The komodo dragon bites you!
You die...

.....##................
......#.#.....$..........
.........#................
.....!.....................
..........>................
...........................
...........................
...........l...............
...........@hl.<....<.......
........†....................
........$....................
..................##..........
...............................
................................
............##.P..............<.
#...............................
##.............##........


You could see a polar bear (berserk), a komodo dragon and a basilisk.

Vanquished Creatures
  2 hydras
  2 two-headed ogres (D:9)
  A boulder beetle (Lair:5)
  2 death yaks (Lair:3)
  Urug (Lair:4)
  Pikel (D:8)
  A manticore (Lair:4)
  An orc knight (D:10)
  A cyclops (D:7)
  3 black mambas
  2 molten gargoyles (Lair:3)
  2 torpor snails
  8 cane toads
  3 rime drakes
  3 komodo dragons
  A wind drake (Lair:4)
  A polar bear (Lair:4)
  3 trolls
  4 blink frogs (Lair:1)
  8 dream sheep
  29 yaks
  3 redbacks (Lair:3)
  A wraith (D:10)
  A wyvern (D:10)
  A steam dragon (D:10)
  3 basilisks
  2 acid dragons
  10 water moccasins
  A sky beast (D:5)
  6 orc warriors
  2 black bears (D:6)
  A necrophage (D:3)
  3 ogres
  3 wolves (Lair:2)
  5 centaurs
  2 phantoms (D:6)
  A lemure (D:8)
  A kobold brigand (D:8)
  10 bullfrogs
  A scorpion (D:7)
  10 killer bees
  5 wights (D:9)
  4 howler monkeys
  2 centaur zombies (D:6)
  5 lava snakes (Lair:3)
  2 hounds
  3 centaur skeletons (D:7)
  A gnoll shaman (D:5)
  A jelly (D:7)
  5 orc priests
  A bullfrog skeleton (D:5)
  2 iguanas
  5 orc wizards
  2 killer bee zombies
  A hound zombie (D:5)
  8 adders
  8 gnolls
  2 white imps
  2 ufetubi
  5 worms
  3 dart slugs
  41 orcs
  8 ball pythons
  3 endoplasms
  8 giant cockroaches
  9 goblins
  4 hobgoblins
  10 jackals
  13 kobolds
  5 quokkas
  4 bats
  5 frilled lizards
  17 rats
340 creatures vanquished.

Vanquished Creatures (collateral kills)
  2 death yaks (Lair:3)
2 creatures vanquished.

Vanquished Creatures (others)
  8 fungi
  20 plants
28 creatures vanquished.

Grand Total: 370 creatures vanquished

Notes
Turn   | Place    | Note
-------+----------+-------------------------------------------
     0 | D:1      | Amplified the Merfolk Berserker began the quest for the
                  | Orb.
     0 | D:1      | Reached XP level 1. HP: 18/18 MP: 1/1
     7 | D:1      | Found a faded altar of an unknown god.
   252 | D:1      | Reached XP level 2. HP: 15/24 MP: 2/2
   627 | D:1      | Reached skill level 5 in Polearms
   640 | D:1      | Reached XP level 3. HP: 30/30 MP: 3/3
  1318 | D:2      | Reached ** piety under Trog
  1410 | D:2      | Reached XP level 4. HP: 37/37 MP: 4/4
  2293 | D:3      | Noticed a necrophage
  2304 | D:3      | Killed a necrophage
  2305 | D:3      | Reached skill level 6 in Polearms
  2305 | D:3      | Reached XP level 5. HP: 43/43 MP: 5/5
  2685 | D:4      | Reached skill level 5 in Dodging
  3090 | D:5      | Entered Level 5 of the Dungeon
  3102 | D:5      | Reached *** piety under Trog
  3103 | D:5      | Reached skill level 5 in Fighting
  3103 | D:5      | Reached XP level 6. HP: 48/51 MP: 6/6
  3256 | D:5      | Noticed a sky beast
  3266 | D:5      | Killed a sky beast
  3267 | D:5      | Reached skill level 7 in Polearms
  3330 | D:5      | Reached XP level 7. HP: 56/56 MP: 7/7
  3706 | D:6      | Reached skill level 8 in Polearms
  3933 | D:6      | Reached skill level 1 in Shields
  4081 | D:6      | Reached XP level 8. HP: 65/65 MP: 8/8
  4462 | D:7      | Reached skill level 9 in Polearms
  5067 | D:7      | Noticed a cyclops
  5083 | D:7      | Killed a cyclops
  5084 | D:7      | Reached skill level 10 in Polearms
  5084 | D:7      | Reached XP level 9. HP: 74/74 MP: 9/9
  5357 | D:7      | Identified the +9 scale mail of the Buccaneer {rElec rF+
                  | rC- Str+3}
  5925 | D:7      | Found a staircase to the Ecumenical Temple.
  6060 | D:6      | Reached skill level 5 in Shields
  6318 | D:5      | Reached skill level 11 in Polearms
  6734 | D:3      | Reached **** piety under Trog
  6972 | D:3      | Found a snail-covered altar of Cheibriados.
  6984 | D:3      | Found a sparkling altar of Nemelex Xobeh.
  6992 | D:3      | Found an iron altar of Okawaru.
  7055 | D:3      | You fall into a shaft and drop 1 floor!
  7306 | D:8      | Noticed Pikel
  7319 | D:8      | Killed Pikel
  7320 | D:8      | Reached skill level 12 in Polearms
  7421 | D:8      | Reached skill level 13 in Polearms
  7421 | D:8      | Reached XP level 10. HP: 60/82 MP: 10/10
  7530 | D:8      | Found an opulent altar of Gozag.
  7983 | D:9      | Noticed a two-headed ogre
  7993 | D:9      | Killed a two-headed ogre
  7994 | D:9      | Reached skill level 14 in Polearms
  8031 | D:9      | Noticed a two-headed ogre
  8034 | D:10     | Entered Level 10 of the Dungeon
  8035 | D:10     | Found a staircase to the Orcish Mines.
  8041 | D:10     | Noticed an orc knight
  8072 | D:9      | Killed a two-headed ogre
  8073 | D:9      | Reached skill level 15 in Polearms
  8166 | D:9      | Found a staircase to the Lair.
  8447 | D:9      | Reached skill level 16 in Polearms
  8748 | D:10     | Killed an orc knight
  8749 | D:10     | Reached skill level 17 in Polearms
  8860 | D:10     | Reached XP level 11. HP: 87/87 MP: 11/11
  9111 | D:10     | Reached skill level 1 in Evocations
  9389 | D:10     | Reached ***** piety under Trog
  9641 | Lair:1   | Entered Level 1 of the Lair of Beasts
 11373 | Lair:2   | Found a runed translucent gate.
 11373 | Lair:2   | Found a runed translucent gate.
 11374 | Lair:2   | Found a runed translucent gate.
 11377 | Lair:2   | Noticed stripedtigrrr's ghost (journeyman OpAK)
 11430 | Lair:2   | Reached skill level 10 in Fighting
 11430 | Lair:2   | Reached XP level 12. HP: 97/97 MP: 12/12
 11750 | Lair:2   | Reached skill level 5 in Evocations
 11751 | Lair:2   | Noticed a seven-headed hydra
 11763 | Lair:2   | Killed a seven-headed hydra
 12398 | Lair:3   | Found a hole to the Spider Nest.
 12406 | Lair:3   | Reached skill level 10 in Dodging
 12642 | Lair:3   | Reached skill level 5 in Armour
 12847 | Lair:3   | Noticed a death yak
 12848 | Lair:3   | Noticed a death yak
 12849 | Lair:3   | Noticed a death yak
 12850 | Lair:3   | Noticed a death yak
 12875 | Lair:3   | Killed a death yak
 12885 | Lair:3   | Killed a death yak
 12894 | Lair:3   | Killed a death yak
 12956 | Lair:3   | Killed a death yak
 13461 | Lair:4   | Noticed a boulder beetle
 13782 | Lair:4   | Noticed a four-headed hydra
 13791 | Lair:4   | Killed a four-headed hydra
 13792 | Lair:4   | Reached XP level 13. HP: 106/106 MP: 13/13
 13799 | Lair:4   | Found a staircase to the Shoals.
 14134 | Lair:4   | Noticed Urug
 14144 | Lair:4   | Killed Urug
 14788 | Lair:6   | Entered Level 6 of the Lair of Beasts
 14792 | Lair:6   | Found a staircase to the Slime Pits.
 14792 | Lair:6   | Found a viscous altar of Jiyva.
 15346 | Lair:5   | HP: 8/160 [polar bear (1)]
 15347 | Lair:5   | Slain by a komodo dragon

Illustrated notes

Levels and vault maps discovered:
D:1:      dpeg_arrival_houses_and_road, layout_basic,
          shapermc_ecumenical_altar_pompeii
D:2:      layout_rooms
D:3:      minmay_bubble_buster, layout_loops_ring,
          minmay_overflow_temple_star_quad, kennysheep_potato
D:4:      layout_rooms, abandoned_shop, hangedman_decor_peaks_small,
          hangedman_abyss_or_decor_lesser_grid
D:5:      layout_rooms, grunt_decor_mini_mirrors
D:6:      layout_basic
D:7:      layout_rooms, minmay_temple_entry_nine_rooms,
          hangedman_abyss_or_decor_jellyfish_corner
D:8:      layout_gridville, mainiacjoe_overflow_six_doors_small, uniq_pikel
D:9:      layout_rooms, lair_entry_dummy
D:10:     layout_roguey, david_orc_5
D:11:     layout_basic
Lair:1:   layout_long_grid
Lair:2:   layout_roguey, ebering_ghost_rock_garden
Lair:3:   cheibrodos_magma_flow, layout_chaotic_city, spider_nest_entry_webs,
          serial_forest, infiniplex_forest_straight_3,
          infiniplex_forest_lined_1, infiniplex_forest_lined_corner,
          infiniplex_forest_clump_curved, infiniplex_forest_lined_3_way,
          infiniplex_forest_lined_2, infiniplex_forest_lined_3_way,
          infiniplex_forest_clump_double, infiniplex_forest_lined_1,
          infiniplex_forest_straight_5
Lair:4:   layout_cave_pods, minmay_shoals_entry_beasts, uniq_urug
Lair:5:   layout_hall_layers
Lair:6:   hellmonk_lair_end_abyssal_woods, layout_cave_shapes, slime_altar_1,
          gammafunk_ghost_split, gammafunk_lair_bear_cave

Skill      XL: |  1  2  3  4  5  6  7  8  9 10 11 12 13 |
---------------+----------------------------------------+-----
Dodging        | 3 4 5 6 9 11 | 11.9
Polearms       | 5 6 7 8 10 13 17 | 17.2
Fighting       | 4 5 6 7 8 10 11 | 11.7
Shields        | 1 4 5 |  5.1
Armour         | 2 4 5 6 |  6.3
Evocations     | 4 7 |  7.7

Action                   |  1- 3 |  4- 6 |  7- 9 | 10-12 | 13-15 || total
-------------------------+-------+-------+-------+-------+-------++-------
Melee: Spear             |   135 |   178 |   446 |       |       ||   759
       Trident           |       |       |    29 |   603 |   144 ||   776
Invok: Berserk           |     4 |     5 |    12 |     9 |     3 ||    33
       Trog's Hand       |       |       |     5 |     4 |       ||     9
       Brothers in Arms  |       |       |       |     1 |       ||     1
Evoke: Wand              |       |       |     1 |     4 |       ||     5
  Use: Scroll            |     1 |     2 |    15 |    13 |     2 ||    33
       Potion            |       |       |     6 |       |       ||     6
 Stab: Sleeping          |     3 |     2 |     1 |       |       ||     6
Armor: Animal skin       |    13 |    13 |    25 |       |       ||    51
       Skin              |       |       |    16 |       |       ||    16
       Scale mail        |       |       |    35 |    58 |    58 ||   151
Dodge: Dodged            |    66 |    82 |   209 |   134 |    60 ||   551
Block: Buckler           |       |       |    96 |   167 |    51 ||   314
       Reflection        |       |       |       |     7 |     1 ||     8
